AoeStats
← Shredded_Pork

Arena

507512613Analyzed
4v4 RM · 13d ago on Sep 18, 2026· 47m 30s· 8 players
Game mode
Random Map
Map size
Large (8 player)
Population
200
Speed
Normal
Resources
Standard
Victory
Conquest
Starting age
Dark Age
Ending age
Imperial Age
RankedLock teamsTeams togetherTeam positionsShared explorationLock speedFull tech treeHidden civsTurbo modeCheats
Victory
Defeat
🇷🇴 Goths · Romania
766
+16
🇨🇳 Teutons · China
712
+18
🇦🇷 Franks · Argentina
686
+19
659
+20
🇨🇳 Persians · China
833
-21
🇹🇷 Mongols · Türkiye
825
-21
🇷🇴 Turks · Romania
736
-18
🇪🇸 Chinese · Spain
637
-13
Shredded_Pork
11:06 Feudal Age
11:35 Double-Bit Axe
12:08 Horse Collar
20:37 Castle Age
21:52 Heavy Plow
21:46 Gold Mining
21:47 Stone Mining
22:11 Bow Saw
33:12 Imperial Age
31:24 Ironclad
31:49 Wheelbarrow
31:26 Forging
31:17 Scale Mail Armor
31:22 Scale Barding Armor
31:08 Fletching
31:04 Pikeman
31:45 Squires
32:51 Iron Casting
32:17 Padded Archer Armor
33:36 Ballistics
33:36 Chain Mail Armor
33:17 Bodkin Arrow
33:49 Hand Cart
33:14 Capped Ram
34:16 Conscription
33:22 Halberdier
33:24 Elite Skirmisher
35:34 Blast Furnace
35:39 Chemistry
36:24 Two-Man Saw
36:21 Stone Shaft Mining
37:01 Crop Rotation
39:18 Plate Mail Armor
47:33 Bloodlines
☯︎ PΔTΔS DΞ STΞΞL ☯
1:06 Loom
15:26 Feudal Age
16:53 Wheelbarrow
16:11 Double-Bit Axe
16:08 Horse Collar
19:34 Castle Age
17:52 Gold Mining
18:00 Stone Mining
20:30 Hand Cart
20:37 Heavy Plow
20:55 Bow Saw
22:45 Gold Shaft Mining
26:26 Husbandry
26:37 Bloodlines
26:41 Forging
26:36 Scale Barding Armor
31:36 Imperial Age
31:08 Marauders
32:28 Iron Casting
32:13 Chain Barding Armor
31:42 Elite Tarkan
32:47 Conscription
35:51 Blast Furnace
35:26 Plate Barding Armor
35:17 Atheism
36:28 Two-Man Saw
37:31 Caravan
39:33 Cavalier
40:36 Paladin
KNoS
0:27 Loom
10:49 Feudal Age
11:24 Double-Bit Axe
16:29 Castle Age
15:50 Horse Collar
23:17 Wheelbarrow
25:00 Hand Cart
25:44 Bow Saw
27:05 Heavy Plow
27:34 Caravan
27:42 Pikeman
32:12 Imperial Age
30:12 Gold Mining
30:14 Stone Mining
30:47 Anarchy
30:52 Squires
31:23 Scale Mail Armor
31:34 Forging
34:26 Two-Man Saw
34:12 Crop Rotation
35:17 Iron Casting
35:44 Chemistry
35:01 Chain Mail Armor
35:25 Halberdier
36:06 Elite Huskarl
38:59 Perfusion
39:20 Conscription
42:22 Blast Furnace
41:12 Fletching
41:23 Padded Archer Armor
Javitss
11:14 Feudal Age
11:43 Double-Bit Axe
16:11 Castle Age
23:57 Loom
28:08 Forging
28:03 Scale Barding Armor
32:33 Imperial Age
32:09 Iron Casting
31:54 Chain Barding Armor
32:42 Cavalier
40:00 Chemistry
45:27 Paladin
er_Dionis
5:03 Loom
13:04 Feudal Age
17:26 Castle Age
15:23 Double-Bit Axe
16:00 Horse Collar
19:50 Man-at-Arms
20:51 Forging
20:55 Scale Mail Armor
23:53 Fletching
25:33 Padded Archer Armor
29:26 Ballistics
33:34 Imperial Age
31:47 Bodkin Arrow
32:24 Leather Archer Armor
36:02 Long Swordsman
38:15 Chemistry
38:35 Heavy Rocket Cart
43:45 Wheelbarrow
Fatih
12:40 Feudal Age
14:37 Wheelbarrow
14:06 Double-Bit Axe
14:36 Horse Collar
17:03 Castle Age
22:04 Bow Saw
21:55 Heavy Plow
23:57 Fervor
23:49 Gold Mining
23:49 Stone Mining
25:09 Loom
25:39 Hand Cart
25:10 Town Watch
25:39 Forging
25:34 Scale Barding Armor
28:08 Gold Shaft Mining
28:08 Stone Shaft Mining
31:45 Imperial Age
32:16 Iron Casting
32:01 Chain Barding Armor
31:33 Fletching
31:43 Padded Archer Armor
32:08 Ballistics
32:00 Masonry
32:01 Fortified Wall
33:01 Heavy Camel Rider
33:42 Husbandry
33:52 Bloodlines
34:54 Blast Furnace
34:59 Chemistry
34:05 Siege Engineers
34:48 Conscription
34:28 Nomads
36:35 Bodkin Arrow
36:55 Leather Archer Armor
36:10 Elite Mangudai
37:27 Hoardings
38:08 Drill
40:36 Parthian Tactics
40:17 Thumb Ring
39:33 Elite Skirmisher
40:17 Bracer
41:56 Elite Steppe Lancer
sujing810
0:28 Loom
11:01 Feudal Age
12:14 Wheelbarrow
11:25 Double-Bit Axe
16:58 Castle Age
15:11 Horse Collar
18:24 Bow Saw
18:31 Hand Cart
23:10 Gold Mining
23:40 Stone Mining
24:00 Heavy Plow
25:44 Gold Shaft Mining
25:46 Stone Shaft Mining
32:22 Imperial Age
30:05 Husbandry
30:16 Bloodlines
32:42 Town Watch
34:17 Chemistry
33:29 Masonry
33:14 Murder Holes
32:50 Heavy Scorpion
32:54 Elite War Elephant
33:54 Conscription
34:25 Forging
34:20 Scale Barding Armor
35:41 Crop Rotation
36:14 Two-Man Saw
38:56 Iron Casting
38:42 Chain Barding Armor
40:58 Blast Furnace
44:09 Caravan
44:42 Coinage
44:29 Guilds
Iulius Caeddar
0:30 Loom
11:13 Feudal Age
14:40 Double-Bit Axe
14:59 Horse Collar
19:43 Castle Age
20:12 Stone Mining
24:20 Heavy Plow
24:34 Bow Saw
25:33 Padded Archer Armor
25:24 Fletching
28:47 Wheelbarrow
28:29 Fervor
30:03 Leather Archer Armor
29:44 Bodkin Arrow
35:19 Imperial Age
33:19 Hand Cart
34:15 Caravan
34:41 Gold Mining
35:44 Elite Janissary
36:45 Conscription
38:48 Ballistics
38:49 Bombard Tower
38:11 Treadmill Crane
38:43 Bracer
39:14 Ring Archer Armor
41:46 Forging
41:42 Scale Barding Armor
43:07 Bloodlines
42:58 Husbandry
43:04 Husbandry
43:43 Iron Casting
43:34 Chain Barding Armor
Connection lost

Rejoining the realm…

Still unreachable

The connection could not be restored.

Session expired

The server has moved on; the page needs a fresh start.